 Dungeon Crawl Stone Soup version 0.26-a0-451-gacbe401039 (webtiles) character file.

Game seed: 4235822690198345673

2872 MrRokkomies the Nimble (level 9, -2/47 HPs)
             Began as a Deep Elf Ice Elementalist on July 28, 2020.
             Was a Believer of Kikubaaqudgha.
             Killed from afar by an orc wizard (7 damage)
             ... with a magic dart
             ... on level 8 of the Dungeon.
             The game lasted 00:24:33 (8529 turns).

MrRokkomies the Nimble (Deep Elf Ice Elementalist)  Turns: 8529, Time: 00:24:43

Health: -2/47      AC:  8    Str:  8    XL:     9   Next: 47%
Magic:  10/18      EV: 19    Int: 21    God:    Kikubaaqudgha [**....]
Gold:   455        SH:  0    Dex: 15    Spells: 3/18 levels left

rFire    . . .     SeeInvis .   a - +2 whip (venom)
rCold    + . .     Faith    .   (no shield)
rNeg     . . .     Spirit   .   r - +2 robe
rPois    .         Reflect  .   w - +0 helmet
rElec    .         Harm     .   g - +0 cloak
rCorr    .                      m - +1 pair of gloves
MR       .....                  (no boots)
Stlth    ++........             (no amulet)
HPRegen  0.15/turn              o - ring of protection from cold
MPRegen  0.16/turn              (no ring)

@: no status effects
A: no striking features
a: Receive Corpses, Renounce Religion


You were on level 8 of the Dungeon.
You worshipped Kikubaaqudgha.
Kikubaaqudgha was pleased with you.
You visited 1 branch of the dungeon, and saw 8 of its levels.

You collected 455 gold pieces.

Inventory:

Hand Weapons
 a - a +2 whip of venom (weapon)
 b - a +0 whip of flaming
 e - a +1 spear
 B - a +2 flail of holy wrath
Missiles
 k - 9 curare-tipped darts (quivered)
 A - a throwing net
Armour
 g - a +0 cloak (worn)
 m - a +1 pair of gloves (worn)
 r - a +2 robe (worn)
 w - a +0 helmet (worn)
Jewellery
 o - a ring of protection from cold (left hand)
Wands
 j - a wand of iceblast (14)
 z - a wand of random effects (16)
 C - a wand of flame (17)
 E - a wand of disintegration (12)
Scrolls
 c - 9 scrolls of identify
 l - 3 scrolls of teleportation
 n - a scroll of amnesia {unknown}
 q - 2 scrolls of magic mapping {unknown}
 v - a scroll of immolation {unknown}
 x - a scroll of random uselessness {unknown}
 y - 6 scrolls of remove curse
 D - a scroll of fear {unknown}
Potions
 d - a potion of might {unknown}
 f - 2 potions of curing
 h - a potion of magic {unknown}
 i - 2 potions of invisibility
 p - 3 potions of degeneration {unknown}
 s - a potion of brilliance {unknown}
 t - a potion of berserk rage {unknown}
 u - 3 potions of heal wounds


   Skills:
 * Level 1.1 Fighting
 - Level 10.0 Dodging
 - Level 2.4 Stealth
 - Level 5.0 Spellcasting
 - Level 5.0 Summonings
 * Level 1.9 Necromancy
 + Level 10.0 Ice Magic


You had 3 spell levels left.
You knew the following spells:

 Your Spells              Type           Power        Failure   Level
a - Freeze                Ice            ####         1%          1
b - Frozen Ramparts       Ice            #####.       1%          3
c - Ozocubu's Armour      Ice            #####...     1%          3
d - Summon Ice Beast      Ice/Summ       #####...     4%          4
e - Animate Skeleton      Necr           ##....       4%          1
f - Pain                  Necr           ##..         4%          1
g - Blink                 Tloc           N/A          16%         2

Your spell library contained the following spells:

 Spells                   Type           Power        Failure   Level
 Summon Small Mammal      Summ           ####         1%          1
 Call Imp                 Summ           ####....     1%          2
 Sublimation of Blood     Necr           ##........   8%          2
 Apportation              Tloc           #.....       11%         1
 Corona                   Hex            #......      11%         1
 Magic Dart               Conj           #...         11%         1
 Corpse Rot               Necr/Air       N/A          11%         2
 Slow                     Hex            #.......     16%         2
 Vampiric Draining        Necr           ##........   16%         3
 Conjure Flame            Conj/Fire      #.......     32%         3
 Mephitic Cloud           Conj/Pois/Air  #.......     32%         3
 Hailstorm                Conj/Ice       ####....     14%         4


Dungeon Overview and Level Annotations

Branches:
Dungeon (8/15)             Temple (0/1) D:4
   Lair: D:8-11

Altars:
Elyvilon
Fedhas
Gozag
Hepliaklqana
Kikubaaqudgha
Sif Muna
Trog
Uskayaw
Vehumet
Xom


Message History

The orc wizard writhes in agony.
Casting: Pain (safe; 4% risk of failure)
Confirm with . or Enter, or press ? or * to list all spells.
Aiming: Pain (safe; 4% risk of failure)
Press: ? - help, Shift-Dir - straight line, f/p - orc wizard
Aim: an orc wizard, wielding a +0 dagger and wearing a +0 robe (heavily wounded, fast, poisoned, chance to defeat MR: 70%)
The orc wizard writhes in agony.
The orc wizard points at you and mumbles some strange words.
You easily resist.
You hit the orc wizard.
The orc wizard looks even sicker.
The orc wizard is almost dead.
The orc wizard hits you but does no damage.
You barely miss the orc wizard.
The orc wizard is almost dead.
The orc wizard hits you with a +0 dagger.
* * * LOW HITPOINT WARNING * * *
The orc wizard gestures at you while chanting.
The magic dart hits you!
You die...
Kikubaaqudgha rasps: "You have failed me!
Welcome... death!"

##.# ##..# .....
....# ..... #...#
#...# #...# #...#
...###### #...#
#.).....(
#...#######.†......
###...##...†@####.###
#........###o#
#####.##.........#
.........†.......#
####...........<..#
...(..............#
#............(....#
#.#.............#.#
..#.............#.#


You could see an orc wizard (fast, very poisoned).

Vanquished Creatures
  Pikel (D:5)
  Sigmund (D:3)
  Eustachio (D:6)
  A wyvern (D:8)
  Edmund (D:6)
  Duvessa (D:7)
  An ice beast (D:5)
  2 orc warriors (D:5)
  2 sky beasts
  4 ogres
  A lemure (D:5)
  A bullfrog (D:6)
  A scorpion (D:5)
  Dowan (D:7)
  3 howler monkeys
  A quasit (D:5)
  A gnoll shaman (D:6)
  A bullfrog skeleton (D:4)
  An orc priest (D:7)
  A hound (D:8)
  A jelly (D:6)
  A centaur skeleton (D:4)
  4 orc wizards
  3 iguanas
  5 gnolls (D:6)
  A howler monkey zombie (D:6)
  8 adders
  A white imp (D:6)
  3 ufetubi
  An adder skeleton (D:5)
  7 worms
  A dart slug (D:2)
  4 leopard geckos
  15 orcs
  2 ball pythons
  3 giant cockroaches
  6 goblins
  8 hobgoblins
  4 jackals
  5 quokkas
  6 bats
  8 frilled lizards
  3 kobolds (D:3)
  A leopard gecko skeleton (D:6)
  5 rats
  A withered plant (D:4)
134 creatures vanquished.

Notes
Turn   | Place    | Note
-------+----------+-------------------------------------------
     0 | D:1      | MrRokkomies the Deep Elf Ice Elementalist began the quest
                  | for the Orb.
     0 | D:1      | Reached XP level 1. HP: 10/10 MP: 6/6
   599 | D:2      | Reached XP level 2. HP: 15/15 MP: 8/8
  1081 | D:2      | Reached XP level 3. HP: 19/19 MP: 6/9
  1137 | D:2      | Reached skill level 5 in Ice Magic
  1629 | D:2      | Learned a level 3 spell: Frozen Ramparts
  1633 | D:2      | Learned a level 3 spell: Ozocubu's Armour
  1723 | D:2      | Found a shimmering altar of Xom.
  2053 | D:2      | Found a hide-covered altar of Uskayaw.
  2200 | D:3      | Reached XP level 4. HP: 23/24 MP: 7/11
  2996 | D:3      | Noticed an ogre
  3005 | D:3      | Killed an ogre
  3005 | D:3      | Reached XP level 5. HP: 28/28 MP: 7/13
  3011 | D:3      | Learned a level 4 spell: Summon Ice Beast
  3181 | D:3      | Noticed Sigmund
  3194 | D:3      | Killed Sigmund
  3194 | D:3      | Reached skill level 5 in Dodging
  3194 | D:3      | Reached XP level 6. HP: 22/32 MP: 10/15
  3880 | D:4      | Reached skill level 5 in Spellcasting
  3912 | D:4      | Reached XP level 7. HP: 15/36 MP: 10/16
  4129 | D:4      | Found a radiant altar of Vehumet.
  4200 | D:4      | Learned a level 1 spell: Animate Skeleton
  4250 | D:4      | Reached skill level 1 in Summonings
  4256 | D:4      | Found an ancient bone altar of Kikubaaqudgha.
  4280 | D:4      | Became a worshipper of Kikubaaqudgha
  4561 | D:4      | Found a staircase to the Ecumenical Temple.
  4657 | D:4      | Found a bloodstained altar of Trog.
  4703 | D:5      | Entered Level 5 of the Dungeon
  5243 | D:5      | Noticed Pikel
  5258 | D:5      | Killed Pikel
  5258 | D:5      | Reached XP level 8. HP: 31/41 MP: 14/17
  5917 | D:5      | Found a blossoming altar of Fedhas.
  5917 | D:5      | Found a shimmering blue altar of Sif Muna.
  5919 | D:5      | Found a white marble altar of Elyvilon.
  6485 | D:6      | Found an opulent altar of Gozag.
  6487 | D:6      | Noticed Edmund
  6507 | D:6      | Killed Edmund
  6507 | D:6      | Reached XP level 9. HP: 45/45 MP: 15/18
  6536 | D:6      | Noticed Eustachio
  6547 | D:6      | Killed Eustachio
  6584 | D:6      | Reached * piety under Kikubaaqudgha
  6584 | D:6      | Identified Kikubaaqudgha's Volume of Sinister Rites
                  | (Kikubaaqudgha gifted it to you on level 6 of the Dungeon)
  6584 | D:6      | Received a gift from Kikubaaqudgha
  7191 | D:7      | Learned a level 1 spell: Pain
  7269 | D:7      | Found a hazy altar of Hepliaklqana.
  7289 | D:7      | Noticed Duvessa
  7290 | D:7      | Noticed Dowan
  7301 | D:7      | Killed Dowan
  7304 | D:7      | Killed Duvessa
  7601 | D:7      | Reached skill level 10 in Dodging
  7601 | D:7      | Reached skill level 5 in Summonings
  8226 | D:7      | Learned a level 2 spell: Blink
  8477 | D:8      | Reached skill level 1 in Necromancy
  8477 | D:8      | Reached skill level 10 in Ice Magic
  8508 | D:8      | Reached skill level 1 in Fighting
  8516 | D:8      | Reached ** piety under Kikubaaqudgha
  8529 | D:8      | Killed from afar by an orc wizard

Illustrated notes

Levels and vault maps discovered:
D:1:      heliophobic_arrival_glass_houses, layout_basic
D:2:      layout_basic, overflow_temple_1_default, lemuel_coloured_pillars_altar
D:3:      layout_loops_ring, serial_bayou_pond_d, uniq_sigmund
D:4:      layout_basic, bloody_trog, kennysheep_mini_moat,
          kiku_gazebo_garden_becter, minmay_temple_entry_grid
D:5:      layout_rooms, gammafunk_temple_overflow_forgotten, uniq_pikel
D:6:      layout_basic, nicolae_overflow_crystal_walls, uniq_edmund,
          uniq_eustachio
D:7:      layout_loops_corners, kennysheep_mini, uniq_duvessa
D:8:      layout_loops_cross, serial_shops, shop_scrolls

Skill      XL: |  1  2  3  4  5  6  7  8  9 |
---------------+----------------------------+-----
Dodging        | 3 4 5 6 8 9 10 | 10.0
Ice Magic      | 5 6 8 9 10 | 10.0
Spellcasting   | 4 5 |  5.0
Summonings     | 3 4 5 |  5.0
Necromancy     | 1 |  1.9
Fighting       | 1 |  1.1
Stealth        | |  2.4

Action                   |  1- 3 |  4- 6 |  7- 9 || total
-------------------------+-------+-------+-------++-------
Melee: Spear             |    74 |    23 |       ||    97
       Whip              |       |    78 |   307 ||   385
Throw: Dart              |       |       |     5 ||     5
 Cast: Freeze            |    22 |     1 |     8 ||    31
       Frozen Ramparts   |     2 |     6 |    20 ||    28
       Ozocubu's Armour  |       |       |     5 ||     5
       Pain              |       |       |     5 ||     5
  Use: Scroll            |     3 |     4 |       ||     7
       Potion            |       |     2 |     2 ||     4
 Stab: Sleeping          |     8 |     6 |     2 ||    16
Armor: Robe              |    14 |    23 |    67 ||   104
Dodge: Dodged            |    64 |    79 |   244 ||   387

Table legend: (Time is in decaauts)
 A = Elapsed time spent in this place.
 B = Non-inter-level travel time spent in this place.
 C = Inter-level travel time spent in this place.
 D = Time resting spent in this place.
 E = Time spent auto-exploring this place.
 F = Levels seen in this place.
 G = Mean time per level.
                   A        B        C        D        E       F      G
               +--------+--------+--------+--------+--------+-----+--------+
         Total |   8578 |   8413 |    165 |   1971 |   4907 |   8 | 1072.2 |
       Dungeon |   8578 |   8413 |    165 |   1971 |   4907 |   8 | 1072.2 |
               +--------+--------+--------+--------+--------+-----+--------+

Top non-repeatable levels by time:
     D:3: 1858 daAuts
     D:2: 1242 daAuts
     D:6: 1215 daAuts
     D:7: 1200 daAuts
     D:4: 1075 daAuts
     D:5: 989 daAuts
     D:1: 849 daAuts
     D:8: 146 daAuts
